 Dungeon Crawl Stone Soup version 0.21.1-1-g345015fe64 (webtiles) character file.

242 Gargoyl the Skirmisher (level 5, -11/45 HPs)
             Began as a Centaur Abyssal Knight on June 4, 2018.
             Was a Priest of Lugonu.
             Mangled by an orc wizard
             ... wielding a +0 dagger of electrocution
              (17 damage)
             ... on level 4 of the Dungeon.
             The game lasted 00:05:19 (3291 turns).

Gargoyl the Skirmisher (Centaur Abyssal Knight)     Turns: 3291, Time: 00:05:19

Health: -11/45     AC: 19    Str: 15    XL:     5   Next: 82%
Magic:  7/7        EV:  1    Int: 20    God:    Lugonu [***...]
Gold:   142        SH:  7    Dex: 14    Spells: 4/4 levels left

rFire    . . .     SeeInvis .   h - +2 long sword of the Forsaken Spirits {freeze, Int+5}
rCold    . . .     Gourm    .   i - +0 shield
rNeg     . . .     Faith    .   e - +8 chain mail of Hucw {+Inv rC- Int+4 Dex+5}
rPois    .         Spirit   .   (no helmet)
rElec    .         Reflect  .   o - +0 cloak {+Inv}
rCorr    .         Harm     .   q - +1 pair of gloves
MR       .....                  (no barding)
Stlth    ..........             (no amulet)
HPRegen  0.15/turn              k - ring of protection from cold
MPRegen  0.10/turn              p - ring of stealth

@: slowed
A: large, hooves 3, deformed body, speed 2, tough skin 3
a: Depart the Abyss, Bend Space, Banish, Renounce Religion, Evoke Invisibility


You were on level 4 of the Dungeon.
You worshipped Lugonu.
Lugonu was most pleased with you.
You were hungry.

You visited 1 branch of the dungeon, and saw 4 of its levels.
You visited the Abyss 1 time.

You collected 142 gold pieces.

Inventory:

Hand Weapons
 h - the +2 long sword of the Forsaken Spirits (weapon) {freeze, Int+5}
   (You found it on level 2 of the Abyss)

   It has been specially enchanted to freeze those struck by it, causing extra
   injury to most foes and up to half again as much damage against particularly
   susceptible opponents.
   It can also slow down cold-blooded creatures.
   It affects your intelligence (+5).
 s - a +2 hand axe of chopping
Armour
 e - the +8 chain mail of Hucw (worn) {+Inv rC- Int+4 Dex+5}
   (You found it on level 2 of the Abyss)

   It affects your intelligence (+4).
   It affects your dexterity (+5).
   It makes you vulnerable to cold.
   It lets you turn invisible.
 i - a +0 shield (worn)
 o - a +0 cloak of invisibility (worn)
 q - a +1 pair of gloves (worn)
Jewellery
 k - a ring of protection from cold (left hand)
 p - a ring of stealth (right hand)
Scrolls
 j - 2 scrolls of identify
 l - 4 scrolls of blinking
 r - a scroll of fog
Potions
 b - a potion of flight {unknown}
 d - 2 potions of brilliance {unknown}
 f - 2 potions of haste {unknown}
 g - a potion of invisibility {unknown}
 m - 2 potions of heal wounds
 n - a potion of resistance {unknown}
Comestibles
 c - 4 rations


   Skills:
 + Level 3.5 Fighting
 + Level 2.6 Long Blades
 + Level 2.1 Axes
 * Level 3.1 Armour
 + Level 0.7 Dodging
 * Level 3.0 Invocations


You had 4 spell levels left.
You didn't know any spells.

Dungeon Overview and Level Annotations

Branches:
Dungeon (4/15)
 Temple: D:4-7

Altars:


Innate Abilities, Weirdness & Mutations

You have hooves in place of feet.
Armour fits poorly on your strangely shaped body.
You cover ground very quickly.
You have extremely tough skin. (AC +3)


Message History

The orc wizard is moderately wounded.
The orc wizard hits you but does no damage.
You block the orc wizard's attack.
The orc wizard hits you but does no damage.
You are electrocuted!
* * * LOW HITPOINT WARNING * * *
There is a stone staircase leading up here.
Things that are here:
a dagger; a robe The orc wizard hits you but does no damage.
You closely miss the orc wizard. Your kick misses the orc wizard.
The orc wizard is moderately wounded.
The orc wizard points at you and mumbles some strange words.
The magic dart hits you!
* * * LOW HITPOINT WARNING * * *
The orc wizard hits you with a dagger of electrocution.
* * * LOW HITPOINT WARNING * * *
The orc wizard hits you but does no damage.
You are electrocuted!
You die...

#..# #.# #..#
#.# #..# #.#
#..# ... ..#
#.## #.# #..#
####.###..#
#.<..))o@.#
#.##.#.#....#
# ......(.#.#
#..######.# #
.... ... ####
.### .. .#


You could see an orc wizard.

Vanquished Creatures
  An orc priest (D:3)
  Crazy Yiuf (D:2)
  An orc wizard (D:4)
  5 adders
  An ooze (D:2)
  A worm (D:2)
  3 dart slugs
  A leopard gecko (D:3)
  14 orcs
  2 ball pythons (D:3)
  5 giant cockroaches
  6 hobgoblins
  7 jackals (D:1)
  4 quokkas
  10 bats
  2 frilled lizards
  6 goblins
  13 kobolds
  4 rats
87 creatures vanquished.

Notes
Turn   | Place    | Note
-------+----------+-------------------------------------------
     0 | Abyss:1  | Gargoyl the Centaur Abyssal Knight began the quest for the Orb.
     0 | Abyss:1  | Reached XP level 1. HP: 19/19 MP: 2/2
     7 | Abyss:2  | Found a corrupted altar of Lugonu.
    20 | Abyss:2  | Got a dazzling chain mail
    31 | Abyss:2  | Identified the +8 chain mail of Hucw {+Inv rC- Int+4 Dex+5} (You found it on level 2 of the Abyss)
    50 | Abyss:2  | Noticed a small abomination
    53 | Abyss:2  | Got an ancient long sword
    54 | D:1      | Escaped the Abyss
    55 | D:1      | Identified the +2 long sword of the Forsaken Spirits {freeze, Int+5} (You found it on level 2 of the Abyss)
   140 | D:1      | Reached * piety under Lugonu
   183 | D:1      | Reached XP level 2. HP: 26/26 MP: 3/3
   493 | D:1      | Reached XP level 3. HP: 31/31 MP: 4/4
   697 | D:2      | Reached skill level 1 in Long Blades
   968 | D:2      | Reached ** piety under Lugonu
  1404 | D:2      | Reached XP level 4. HP: 37/38 MP: 5/5
  1538 | D:2      | Found a runed door.
  2049 | D:2      | Noticed Crazy Yiuf
  2058 | D:2      | HP: 1/38 [Crazy Yiuf/quarterstaff of chaos (1)]
  2059 | D:2      | Killed Crazy Yiuf
  2482 | D:3      | Reached XP level 5. HP: 42/45 MP: 7/7
  3059 | D:3      | Reached *** piety under Lugonu
  3291 | D:4      | Mangled by an orc wizard

Skill      XL: |  1  2  3  4  5 |
---------------+----------------+-----
Axes           | 2 |  2.1
Armour         | 2 3 |  3.1
Long Blades    | 1 2 |  2.6
Invocations    | 3 |  3.0
Fighting       | |  3.5
Dodging        | |  0.7

Action                   |  1- 3 |  4- 6 || total
-------------------------+-------+-------++-------
Melee: Long sword        |    92 |   112 ||   204
       Kick              |    18 |    25 ||    43
Invok: Depart the Abyss  |     1 |       ||     1
  Use: Scroll            |     6 |     3 ||     9
  Eat: Chunk             |       |     5 ||     5
Armor: Chain mail        |   134 |   102 ||   236
Dodge: Dodged            |    39 |    20 ||    59
Block: Shield            |       |    12 ||    12
       Rpst.: Long sword |    11 |     5 ||    16
